AoeStats
← º CAIKE

Arena

508753206Analyzed
2v2 RM · 9d ago on Sep 23, 2026· 54m 25s· 4 players
Game mode
Random Map
Map size
Medium (4 player)
Population
200
Speed
Normal
Resources
Standard
Victory
Conquest
Starting age
Dark Age
Ending age
Imperial Age
RankedLock teamsTeams togetherTeam positionsShared explorationLock speedFull tech treeHidden civsTurbo modeCheats
Victory
Defeat
🇻🇪 Japanese · Venezuela
1065
+14
🇫🇷 Gurjaras · France
1025
+16
🇦🇷 Bohemians · Argentina
1048
-16
🇦🇷 Italians · Argentina
1008
-14
benji
3:18 Loom
5:43 Loom
10:04 Feudal Age
10:32 Double-Bit Axe
13:50 Horse Collar
18:49 Castle Age
19:37 Heavy Plow
19:47 Bow Saw
21:23 Fletching
26:17 Gold Mining
27:17 Town Watch
28:08 Wheelbarrow
28:49 Ballistics
28:43 Bodkin Arrow
28:54 Scale Barding Armor
28:51 Scale Mail Armor
29:35 Arson
31:10 Gold Shaft Mining
30:53 Hand Cart
30:53 Forging
31:34 Chain Barding Armor
40:31 Padded Archer Armor
44:01 Imperial Age
44:46 Elite Elephant Archer
45:54 Leather Archer Armor
45:41 Bracer
47:48 Plate Barding Armor
47:29 Leather Archer Armor
º CAIKE
9:58 Feudal Age
15:28 Castle Age
14:00 Horse Collar
15:24 Double-Bit Axe
25:14 Wheelbarrow
25:39 Bow Saw
26:43 Hand Cart
26:36 Heavy Plow
30:04 Imperial Age
29:08 Elite Skirmisher
29:46 Fletching
29:56 Padded Archer Armor
30:25 Husbandry
30:35 Bodkin Arrow
30:47 Scale Barding Armor
30:53 Forging
31:38 Bloodlines
30:51 Cavalier
31:41 Thumb Ring
32:41 Chemistry
32:02 Ballistics
40:49 Chain Barding Armor
41:04 Iron Casting
40:33 Elite Samurai
42:09 Pikeman
42:49 Squires
44:43 Two-Man Saw
45:25 Halberdier
45:50 Gambesons
48:03 Blast Furnace
47:03 Scale Mail Armor
47:36 Conscription
50:56 Arson
51:59 Chain Mail Armor
52:15 Kataparuto
54:05 Plate Mail Armor
53:36 Bracer
53:51 Leather Archer Armor
Sant
7:37 Loom
11:14 Feudal Age
11:21 Feudal Age
12:09 Double-Bit Axe
12:05 Horse Collar
15:44 Castle Age
16:56 Bow Saw
18:01 Fletching
19:52 Heavy Plow
23:05 Gold Mining
23:06 Stone Mining
22:57 Crossbowman
25:17 Thumb Ring
28:22 Padded Archer Armor
28:17 Bodkin Arrow
29:54 Silk Road
32:05 Stone Mining
36:07 Imperial Age
34:36 Wheelbarrow
35:41 Hand Cart
36:33 Arbalester
36:40 Arbalester
38:11 Leather Archer Armor
39:42 Chemistry
39:05 Bracer
48:27 Ring Archer Armor
50:57 Pikeman
ZorroBaan
10:46 Feudal Age
15:08 Castle Age
13:43 Double-Bit Axe
15:58 Horse Collar
17:24 Heavy Plow
23:25 Wheelbarrow
25:30 Chemistry
25:25 Hand Cart
25:43 Bow Saw
26:55 Fletching
27:05 Padded Archer Armor
27:11 Scale Barding Armor
31:47 Imperial Age
29:36 Bodkin Arrow
29:56 Leather Archer Armor
30:02 Chain Barding Armor
30:05 Town Watch
31:22 Ballistics
32:38 Wagenburg Tactics
33:28 Husbandry
32:52 Cavalier
35:26 Bracer
35:57 Ring Archer Armor
46:37 Pikeman
47:18 Squires
48:16 Elite Skirmisher
Connection lost

Rejoining the realm…

Still unreachable

The connection could not be restored.

Session expired

The server has moved on; the page needs a fresh start.